 Dungeon Crawl Stone Soup version 0.31.0-32-g396128a36d (webtiles) character file.

Game seed: 17872712799369465988

12090 Minsecho the Fighter (level 11, 0/93 HPs)
             Began as a Barachi Warper on Mar 16, 2024.
             Was an Elder of Wu Jian.
             Slain by a yak (13 damage)
             ... on level 1 of the Lair of Beasts.
             The game lasted 00:32:27 (14876 turns).

Minsecho the Fighter (Barachi Warper)              Turns: 14876, Time: 00:32:28

Health: 0/93       AC: 11    Str: 19    XL:     11   Next: 87%
Magic:  18/18      EV: 12    Int: 21    God:    Wu Jian [****..]
Gold:   571        SH:  0    Dex: 11    Spells: 11/20 levels left

rFire   . . .        x - +3 long sword (freeze)
rCold   . . .        (no shield)
rNeg    . . .        N - +0 scale mail of Baokoczu {Int+4 Dex-4 Slay+5}
rPois   .            s - +1 hat {Int+3}
rElec   .            (no cloak)
rCorr   .            (no gloves)
SInv    .            C - +1 pair of boots
Will    .....        r - amulet of magic regeneration
Stlth   +            I - +6 ring of strength
HPRegen 0.35/turn    (no ring)
MPRegen 0.56/turn

%: no passive effects
@: slow
A: amphibious, slowness 1, strong legs 1, +LOS
a: Hop, Renounce Religion, Wall Jump, Serpent's Lash


You were on level 1 of the Lair of Beasts.
You worshipped Wu Jian.
Wu Jian was greatly pleased with you.
You visited 2 branches of the dungeon, and saw 12 of its levels.

You collected 571 gold pieces.

Inventory:

Hand Weapons
 a - a +0 falchion
 x - a +3 long sword of freezing (weapon)
 E - a +1 great sword of protection
 L - a +1 dagger of venom
Missiles
 d - 6 darts of dispersal
 k - 9 stones
 q - 11 poisoned darts (quivered)
Armour
 b - a +0 leather armour
 l - a +3 leather armour
 s - a +1 hat of intelligence (worn)
 w - a +0 ring mail
 C - a +1 pair of boots (worn)
 N - the +0 scale mail of Baokoczu (worn) {Int+4 Dex-4 Slay+5}
   (You found it on level 9 of the Dungeon)

   Int+4:     It affects your intelligence (+4).
   Dex-4:     It affects your dexterity (-4).
   Slay+5:    It affects your accuracy & damage with ranged weapons and melee
   (+5).
Jewellery
 r - an amulet of magic regeneration (around neck)
 I - a +6 ring of strength (left hand)
Wands
 B - a wand of polymorph (6)
Scrolls
 c - a scroll of blinking
 e - a scroll of enchant armour {unknown}
 f - 2 scrolls of fog {unknown}
 g - a scroll of revelation {unknown}
 h - a scroll of poison {unknown}
 i - 4 scrolls of teleportation {unknown}
 m - a scroll of enchant weapon {unknown}
 n - 2 scrolls of torment {unknown}
 o - 6 scrolls of amnesia {unknown}
 p - a scroll of silence {unknown}
 y - 2 scrolls of fear {unknown}
 D - a scroll of butterflies {unknown}
 F - 3 scrolls of noise {unknown}
 G - 2 scrolls of vulnerability {unknown}
Potions
 j - a potion of mutation
 t - 2 potions of lignification
 u - 2 potions of attraction
 v - a potion of brilliance
 z - 3 potions of heal wounds {unknown}
 A - 2 potions of curing
 H - a potion of enlightenment
 J - a potion of invisibility
 K - a potion of might
 M - a potion of ambrosia {unknown}


   Skills:
 * Level 11.3 Fighting
 + Level 6.3(8.0) Short Blades
 + Level 8.2(9.3) Long Blades
 + Level 1.4 Throwing
 + Level 8.7 Armour
 + Level 6.6 Dodging
 - Level 2.6 Stealth
 * Level 5.0 Spellcasting
 * Level 5.7 Translocations
 * Level 4.1 Air Magic
 * Level 6.3 Evocations


You had 11 spell levels left.
You knew the following spells:

 Your Spells              Type           Power      Damage    Failure   Level
a - Blink                 Tloc           58%        N/A       4%          2
b - Swiftness             Air            22%        N/A       14%         3
c - Vhi's Electric Charg  Tloc/Air       52%        N/A       34%         4

Your spell library contained the following spells:

 Spells                   Type           Power      Damage    Failure   Level
 Lesser Beckoning         Tloc           58%        N/A       4%          2
 Gell's Gravitas          Tloc           29%        N/A       8%          3
 Teleport Other           Tloc           29%        N/A       8%          3
 Freeze                   Ice            20%        1d4       26%         1
 Volatile Blastmotes      Fire/Tloc      34%        2d12      26%         3
 Manifold Assault         Tloc           29%        N/A       26%         4
 Ensorcelled Hibernation  Hex/Ice        10%        N/A       38%         2
 Dazzling Flash           Conj/Hex       10%        N/A       63%         3
 Frozen Ramparts          Ice            10%        1d2       63%         3
 Hailstorm                Conj/Ice       5%         3d5       63%         3
 Passwall                 Erth           5%         N/A       63%         3
 Conjure Ball Lightning   Conj/Air       7%         3x3d6     100%        6
 Starburst                Conj/Fire      2%         6d3       100%        6
 Discord                  Hex            2%         N/A       100%        8
 Disjunction              Tloc           14%        N/A       100%        8
 Maxwell's Capacitive Co  Air            11%        ∞         100%        8


Dungeon Overview and Level Annotations

Branches:
Dungeon (11/15)            Temple (0/1) D:5            Lair (1/5) D:8
    Orc: D:9-12

Altars:
Cheibriados
Dithmenos
Fedhas
Hepliaklqana
Kikubaaqudgha
Ru
Wu Jian
Yredelemnul

Shops:
D:5 [

Annotations:
D:3 1 runed translucent door, Crazy Yiuf
D:4 2 transporters


Innate Abilities, Weirdness & Mutations

You are amphibious.
You cover ground slowly.
You can hop short distances.
You have an extended range of vision and can be seen from far away.


Message History

You hit the yak. You freeze the yak.
The yak is heavily wounded.
The yak gores you.
You barely miss the yak.
The yak is heavily wounded.
The yak barely misses you.
You slash the yak! You freeze the yak.
The yak is almost dead.
The yak gores you!
* * * LOW HITPOINT WARNING * * *
You hit the yak. You freeze the yak.
The yak is almost dead.
The yak closely misses you.
You slash the yak! You freeze the yak.
You kill the yak!
The Council accepts your kill.
Your Spellcasting skill increases to level 5!
You hit the yak. You freeze the yak.
The yak is lightly wounded.
The yak gores you!
* * * LOW HITPOINT WARNING * * *
You slash the yak! You freeze the yak.
The yak is heavily wounded.
The yak closely misses you.
You slash the yak! You freeze the yak.
The yak is almost dead.
The yak gores you but does no damage.
You slice the yak!! You freeze the yak.
You kill the yak!
The Council accepts your kill.
You hit the yak. You freeze the yak.
The yak is lightly wounded.
The yak gores you but does no damage.
You slash the yak! You freeze the yak.
The yak is heavily wounded.
The yak barely misses you.
You closely miss the yak.
The yak is heavily wounded.
The yak gores you!
You die...

### #@## ##
##Y###.# ## #YY#.#
#.## #Y#Y.# P..##
##Y...### ###.....
#.......###.......
#................Y
#..............#
#..###.........#


You could see 6 yaks.

Vanquished Creatures
  Gastronok (D:10)
  A two-headed ogre (D:10)
  A fire crab (D:8)
  Pikel (D:5)
  A manticore (D:11)
  A rime drake (Lair:1)
  A komodo dragon (Lair:1)
  A troll (D:9)
  2 hornets
  Sigmund (D:3)
  A shadow (D:10)
  3 wraiths
  3 wyverns
  16 yaks
  A steam dragon (D:10)
  Menkaure (D:6)
  2 acid dragons (D:11)
  4 water moccasins
  2 orc warriors
  An ice beast (D:8)
  4 black bears
  2 ogres
  A tengu (D:9)
  5 centaurs
  A sky beast (D:8)
  A lemure (D:5)
  A kobold brigand (D:6)
  2 bullfrogs (D:7)
  3 scorpions
  3 gnoll sergeants
  12 wights
  A howler monkey (D:4)
  2 hounds (D:5)
  3 orc priests
  2 gnoll boudas (D:4)
  Jessica (D:3)
  6 iguanas
  A sleepcap (D:7)
  Natasha (thrice) (D:3)
  5 orc wizards
  Robin (D:4)
  25 gnolls
  10 adders
  A shadow imp (D:6)
  2 white imps
  2 ribbon worms
  A dart slug (D:1)
  23 orcs
  7 endoplasms
  11 giant cockroaches
  14 goblins
  8 hobgoblins
  12 kobolds
  A quokka (D:1)
  6 ball pythons
  3 bats
  7 frilled lizards
  6 rats
244 creatures vanquished.

Vanquished Creatures (others)
  A human (D:3)
1 creature vanquished.

Grand Total: 245 creatures vanquished

Notes
Turn   | Place    | Note
-------+----------+-------------------------------------------
     0 | D:1      | Minsecho the Barachi Warper began the quest for the Orb.
     0 | D:1      | Reached XP level 1. HP: 17/17 MP: 3/3
   179 | D:1      | Reached XP level 2. HP: 22/23 MP: 5/5
   230 | D:1      | Learned a level 2 spell: Blink
   835 | D:1      | Reached skill level 3 in Fighting
   849 | D:1      | Found a faded altar of an unknown god.
   856 | D:1      | Prayed at the altar of an unknown god.
   856 | D:1      | Became a worshipper of the Wu Jian Council
   856 | D:1      | Reached * piety under Wu Jian
  1175 | D:2      | Reached XP level 3. HP: 29/29 MP: 6/6
  1748 | D:2      | Reached XP level 4. HP: 35/35 MP: 7/7
  2143 | D:2      | Reached ** piety under Wu Jian
  2178 | D:2      | Reached skill level 1 in Short Blades
  2340 | D:3      | Noticed Jessica
  2340 | D:3      | Noticed Natasha
  2358 | D:3      | Killed Natasha
  2359 | D:3      | Reached XP level 5. HP: 28/42 MP: 8/8
  2515 | D:3      | Killed Jessica
  2534 | D:3      | Reached skill level 4 in Fighting
  2543 | D:3      | Found an ancient bone altar of Kikubaaqudgha.
  2600 | D:3      | Noticed Sigmund
  2620 | D:3      | Killed Sigmund
  2621 | D:3      | Reached skill level 5 in Fighting
  2621 | D:3      | Reached XP level 6. HP: 46/51 MP: 9/9
  2632 | D:3      | Noticed Natasha
  2643 | D:3      | Killed Natasha
  2749 | D:3      | Found a runed translucent door.
  2750 | D:3      | Noticed Crazy Yiuf
  3199 | D:3      | Noticed a human
  3201 | D:3      | Killed a human
  3213 | D:3      | Noticed Natasha
  3222 | D:3      | Killed Natasha
  3302 | D:4      | Noticed Robin
  3329 | D:4      | Killed Robin
  3330 | D:4      | Reached XP level 7. HP: 38/56 MP: 10/10
  3485 | D:4      | Found a transporter.
  3535 | D:4      | Found a transporter.
  3783 | D:4      | Reached skill level 1 in Stealth
  3787 | D:4      | Reached *** piety under Wu Jian
  4351 | D:4      | Found a shadowy altar of Dithmenos.
  4506 | D:5      | Entered Level 5 of the Dungeon
  4612 | D:5      | Reached skill level 6 in Fighting
  4661 | D:5      | Found Nepaxit's Armour Shop.
  4672 | D:5      | Reached skill level 5 in Armour
  4672 | D:5      | Reached XP level 8. HP: 32/64 MP: 11/11
  4821 | D:5      | Found a staircase to the Ecumenical Temple.
  5166 | D:5      | Found a basalt altar of Yredelemnul.
  5166 | D:5      | Found a hazy altar of Hepliaklqana.
  5235 | D:5      | Noticed Pikel
  5262 | D:5      | Killed Pikel
  5263 | D:5      | Reached skill level 7 in Fighting
  5263 | D:5      | Reached skill level 5 in Short Blades
  5263 | D:5      | Reached skill level 1 in Evocations
  5513 | D:5      | Reached XP level 9. HP: 43/72 MP: 12/12
  5690 | D:4      | Reached skill level 5 in Dodging
  6028 | D:5      | Found a snail-covered altar of Cheibriados.
  6028 | D:5      | Found a blossoming altar of Fedhas.
  6576 | D:6      | Reached skill level 8 in Fighting
  6852 | D:6      | Noticed Menkaure
  6856 | D:6      | Killed Menkaure
  7475 | D:7      | Noticed Joseph
  7476 | D:7      | Joseph changed into Joseph the yak
  7476 | D:7      | Noticed Joseph
  7504 | D:7      | Killed Joseph the yak
  7705 | D:7      | HP: 3/70 [wight/+3 long sword of freezing (3)]
  8033 | D:7      | Reached skill level 9 in Fighting
  8490 | D:7      | Reached XP level 10. HP: 75/83 MP: 13/13
  8915 | D:8      | Reached skill level 5 in Long Blades
  9138 | D:8      | Noticed a fire crab
  9139 | D:8      | Found a staircase to the Lair.
  9159 | D:8      | Killed a fire crab
  9224 | D:8      | Reached skill level 1 in Air Magic
 10100 | D:9      | Reached skill level 5 in Evocations
 10459 | D:9      | Found a sacrificial altar of Ru.
 10997 | D:7      | Reached skill level 10 in Fighting
 11815 | D:9      | Paralysed by a hornet for 2 turns
 12035 | D:9      | Identified the +0 scale mail of Baokoczu {Int+4 Dex-4
                  | Slay+5}
 12106 | D:10     | Entered Level 10 of the Dungeon
 12109 | D:10     | Reached **** piety under Wu Jian
 12115 | D:10     | Reached XP level 11. HP: 85/91 MP: 16/16
 12711 | D:10     | Noticed Gastronok
 12730 | D:10     | Killed Gastronok
 12731 | D:10     | Reached skill level 5 in Translocations
 13712 | D:11     | Learned a level 3 spell: Swiftness
 13717 | D:11     | Learned a level 4 spell: Vhi's Electric Charge
 13748 | D:11     | Noticed a two-headed ogre
 13833 | D:10     | Killed a two-headed ogre
 13834 | D:10     | Reached skill level 11 in Fighting
 14284 | D:11     | Noticed a manticore
 14290 | D:11     | Killed a manticore
 14601 | D:11     | Noticed a skeletal warrior
 14606 | D:11     | Paralysed by a hornet for 1 turns
 14734 | Lair:1   | Entered Level 1 of the Lair of Beasts
 14870 | Lair:1   | Reached skill level 5 in Spellcasting
 14876 | Lair:1   | Slain by a yak

Illustrated notes

Levels and vault maps discovered:
D:1:      erik_arrival_blinker_ship, layout_loops_corners,
          dreamdust_ecumenical_altar_hidden_monk_grotto, dk_noncrumbling_2
D:2:      minmay_roachtagon, layout_basic
D:3:      layout_rooms, tgw_kikubaaqudgha, minmay_goblin_outpost,
          uniq_crazy_yiuf_cottage, uniq_natasha, uniq_sigmund, uniq_jessica
D:4:      gammafunk_cloud_chamber, layout_loops_ring, kennysheep_little_box,
          uniq_robin
D:5:      layout_rooms, gammafunk_temple_overflow_pools,
          gammafunk_temple_overflow_statue, temple_pool_b, serial_shops, shop,
          uniq_pikel
D:6:      layout_loops_cross, uniq_menkaure
D:7:      layout_basic, grunt_ministairs_14, uniq_joseph
D:8:      layout_gridville, minmay_lair_entry_lava
D:9:      layout_big_octagon, hangedman_ru_absence
D:10:     layout_gridville, uniq_gastronok
D:11:     minmay_the_grid_triangle_9x9_rhombus_full
          [minmay_the_grid_triangle_9x9_sprig,
          minmay_the_grid_triangle_9x9_flanged_cone,
          minmay_the_grid_triangle_9x9_subtriangle,
          minmay_the_grid_triangle_9x9_empty,
          minmay_the_grid_triangle_9x9_tough_junction,
          minmay_the_grid_triangle_9x9_limited_checkers,
          minmay_the_grid_triangle_9x9_stretched_checkered,
          minmay_the_grid_triangle_9x9_prize_insulated], layout_rooms,
          serial_shops, kennysheep_mini, uniq_harold
Lair:1:   layout_layer_cave, uniq_urug

Skill      XL: |  1  2  3  4  5  6  7  8  9 10 11 |
---------------+----------------------------------+-----
Long Blades    | 3 4 6 8 |  8.2
Fighting       | 3 5 6 7 9 10 11 | 11.3
Armour         | 2 3 5 6 7 8 |  8.7
Short Blades   | 1 2 3 4 5 6 |  6.3
Dodging        | 3 4 5 6 |  6.6
Stealth        | 1 2 |  2.6
Evocations     | 1 4 5 6 |  6.3
Air Magic      | 2 4 |  4.1
Spellcasting   | 3 5 |  5.0
Translocations | 4 5 |  5.7
Throwing       | |  1.4

Action                     |  1- 3 |  4- 6 |  7- 9 | 10-12 || total
---------------------------+-------+-------+-------+-------++-------
  Melee: Falchion          |    71 |       |    14 |       ||    85
         Dagger            |    50 |   205 |   473 |       ||   728
         Punch             |     1 |     3 |    10 |     6 ||    20
         Long sword        |       |       |    46 |   491 ||   537
  Throw: Dart              |       |       |     3 |       ||     3
         Throwing net      |       |       |       |     1 ||     1
   Cast: Blink             |       |       |     1 |    10 ||    11
         Vhi's Electric Ch |       |       |       |     1 ||     1
 Invoke: Serpent's Lash    |       |       |     2 |     2 ||     4
Ability: Whirlwind         |     9 |    13 |    39 |   105 ||   166
         Lunge             |     6 |     8 |    22 |    21 ||    57
         Hop               |     1 |       |     4 |     9 ||    14
  Evoke: Wand              |       |       |    20 |    11 ||    31
    Use: Potion            |     2 |       |     1 |     1 ||     4
         Scroll            |     1 |       |       |     7 ||     8
   Stab: Sleeping          |     1 |     1 |       |     1 ||     3
         Paralysed         |       |       |       |    18 ||    18
         Held in net/web   |       |       |       |     3 ||     3
 Armour: Leather armour    |    71 |    74 |       |   173 ||   318
         Ring mail         |       |    19 |   315 |    23 ||   357
         Scale mail        |       |       |       |   158 ||   158
  Dodge: Dodged            |    62 |   114 |   281 |   310 ||   767
